 Dungeon Crawl Stone Soup version 0.27.1-1-g398f81649c (webtiles) character file.

Game seed: 1713471919367230461

616 chaosape the Protected (level 7, -7/52 HPs)
             Began as a Gnoll Wanderer on Sept 21, 2021.
             Mangled by a gnoll (8 damage)
             ... on level 5 of the Dungeon.
             The game lasted 00:28:05 (8138 turns).

chaosape the Protected (Gnoll Wanderer)             Turns: 8138, Time: 00:28:05

Health: -7/52      AC: 12    Str: 13    XL:     7   Next: 45%
Magic:  10/10      EV:  7    Int: 11    God:
Gold:   237        SH: 10    Dex: 12    Spells: 11/11 levels left

rFire    . . .     SeeInvis .   m - +1 mace (protect)
rCold    . . .     Faith    .   j - +2 kite shield
rNeg     . . .     Spirit   .   b - +2 scale mail
rPois    +         Reflect  .   (no helmet)
rElec    .         Harm     .   t - scarf {repulsion}
rCorr    .         Rampage  .   p - +0 pair of gloves
Will     .....                  (no boots)
Stlth    +.........             (no amulet)
HPRegen  0.17/turn              F - +4 ring of slaying
MPRegen  0.12/turn              u - ring of poison resistance

@: repel missiles
A: fangs 1, strong nose, distributed training
a: no special abilities


You were on level 5 of the Dungeon.
You visited 1 branch of the dungeon, and saw 6 of its levels.

You collected 237 gold pieces.

Inventory:

Hand Weapons
 a - a +0 shortbow
 d - a +0 hand axe
 e - a +0 spear
 m - a +1 mace of protection (weapon)
 q - a +2 dagger of venom
 r - a +1 war axe of pain
 y - a +0 long sword of holy wrath
Missiles
 c - 70 arrows
 i - a throwing net (quivered)
 k - 4 boomerangs
 G - 9 poisoned darts
Armour
 b - a +2 scale mail (worn)
 f - a +0 plate armour
 j - a +2 kite shield (worn)
 p - a +0 pair of gloves (worn)
 t - a scarf of repulsion (worn)
Magical Staves
 n - a staff of air
Jewellery
 h - a ring of positive energy
 l - an amulet of faith
 u - a ring of poison resistance (right hand)
 F - a +4 ring of slaying (left hand)
Scrolls
 s - a scroll of fog
 v - a scroll of enchant armour {unknown}
 x - a scroll of amnesia
 B - a scroll of magic mapping
 D - a scroll of silence
Potions
 w - a potion of experience {unknown}
 A - a potion of lignification {unknown}
 E - a potion of berserk rage {unknown}


   Skills:
 + Level 3.6 Fighting
 + Level 2.5 Short Blades
 + Level 2.5 Long Blades
 + Level 3.6 Axes
 + Level 2.5 Maces & Flails
 + Level 2.5 Polearms
 + Level 2.5 Staves
 + Level 2.5 Slings
 + Level 2.5 Bows
 + Level 2.5 Crossbows
 + Level 3.6 Throwing
 + Level 12.2 Armour
 + Level 2.5 Dodging
 + Level 2.5 Stealth
 + Level 2.5 Shields
 + Level 2.5 Unarmed Combat
 + Level 2.5 Spellcasting
 + Level 2.0 Conjurations
 + Level 2.0 Hexes
 + Level 2.0 Summonings
 + Level 2.0 Necromancy
 + Level 2.0 Translocations
 + Level 2.0 Transmutations
 + Level 2.0 Fire Magic
 + Level 2.0 Ice Magic
 + Level 2.0 Air Magic
 + Level 2.0 Earth Magic
 + Level 2.0 Poison Magic
 + Level 2.7 Invocations
 + Level 3.6 Evocations


You had 11 spell levels left.
You didn't know any spells.
Your spell library was empty.

Dungeon Overview and Level Annotations

Branches:
Dungeon (6/15)
 Temple: D:4-7

Altars:

Annotations:
D:1 Sigmund
D:2 1 runed translucent door, Crazy Yiuf


Innate Abilities, Weirdness & Mutations

You have very sharp teeth.
Your uncanny sense of smell can sniff out nearby items.
Your experience applies equally to all skills.


Message History

You block the gnoll sergeant's attack.
There is a stone staircase leading down here.
The phantom hits you but does no damage.
You climb downwards.
The shadow imp shouts!
There is a stone staircase leading up here.
It was a potion of heal wounds.
You feel much better.
The phantom hits you but does no damage.
You block the phantom's attack. The shadow imp gestures at you.
Pain shoots through your body!
You climb upwards.
You hear the hiss of flowing sand.
There is an entrance to an ossuary on this level.
Hurry and find it before the portal is buried!
You hear the brisk hiss of an avalanche of sand very nearby.
You block the gnoll's attack. The gnoll hits you with a +0 flail.
The gnoll sergeant hits you from afar with a +4 trident.
The gnoll hits you but does no damage.
There is a stone staircase leading down, spattered with blood here.
The phantom hits you but does no damage.
The gnoll misses you.
Your +1 mace of protection hums with potential!
m - a +1 mace of protection (weapon)
You block the gnoll sergeant's attack. The gnoll hits you but does no damage.
Your shield prevents you from hitting the gnoll.
You block the gnoll's attack.
The gnoll sergeant hits you from afar with a +4 trident.
The gnoll completely misses you.
You barely miss the gnoll. You block the gnoll sergeant's attack.
The gnoll hits you with a +0 flail. You block the gnoll's attack.
The gnoll sergeant hits you from afar with a +4 trident.
* * * LOW HITPOINT WARNING * * *
You closely miss the gnoll. You block the gnoll's attack.
The gnoll sergeant hits you from afar with a +4 trident.
* * * LOW HITPOINT WARNING * * *
A gnoll comes into view. It is wielding a +0 flail.
The gnoll hits you with a +0 flail!
* * * LOW HITPOINT WARNING * * *
The gnoll hits you with a +0 flail!
You die...

######## #......#
#.####†#
#.####.######
#######.##...Wgg@.#
.c..$........g###.#
.###.##.......# #.#
# #..#.##.###.####
#....##.#......#
#.###g#.##c#.#.##.#
#.......##.#....# #
##'###gg...#......
.. #..####.......#


You could see a phantom, a gnoll sergeant and 2 gnolls.

Vanquished Creatures
  A scorpion (D:4)
  A hound (D:4)
  2 jellies
  A gnoll shaman (D:5)
  2 iguanas
  An orc wizard (D:4)
  A hound zombie (D:5)
  7 adders
  14 gnolls
  4 worms
  A dart slug (D:2)
  8 orcs
  6 endoplasms
  2 giant cockroaches
  11 goblins
  7 hobgoblins
  7 jackals
  9 kobolds
  5 quokkas
  4 ball pythons
  6 bats
  6 rats
106 creatures vanquished.

Vanquished Creatures (collateral kills)
  A scorpion (D:5)
1 creature vanquished.

Grand Total: 107 creatures vanquished

Notes
Turn   | Place    | Note
-------+----------+-------------------------------------------
     0 | D:1      | Reached skill level 12 in Armour
     0 | D:1      | chaosape the Gnoll Wanderer began the quest for the Orb.
     0 | D:1      | chaosape set off with the following items: a +0 shortbow, a
                  | +2 scale mail, 25 arrows, a +0 hand axe
     0 | D:1      | Reached XP level 1. HP: 17/17 MP: 1/1
   727 | D:1      | Reached XP level 2. HP: 21/23 MP: 2/2
  1456 | D:1      | Found a faded altar of an unknown god.
  1804 | D:2      | Reached XP level 3. HP: 28/28 MP: 3/3
  2064 | D:2      | Reached skill level 1 in Invocations
  2076 | D:2      | Reached skill level 1 in Short Blades
  2076 | D:2      | Reached skill level 1 in Long Blades
  2076 | D:2      | Reached skill level 1 in Maces & Flails
  2076 | D:2      | Reached skill level 1 in Polearms
  2076 | D:2      | Reached skill level 1 in Staves
  2076 | D:2      | Reached skill level 1 in Slings
  2076 | D:2      | Reached skill level 1 in Bows
  2076 | D:2      | Reached skill level 1 in Crossbows
  2076 | D:2      | Reached skill level 1 in Dodging
  2076 | D:2      | Reached skill level 1 in Stealth
  2076 | D:2      | Reached skill level 1 in Shields
  2076 | D:2      | Reached skill level 1 in Unarmed Combat
  2076 | D:2      | Reached skill level 1 in Spellcasting
  2076 | D:2      | Reached XP level 4. HP: 22/34 MP: 5/5
  2232 | D:2      | Reached skill level 1 in Conjurations
  2232 | D:2      | Reached skill level 1 in Hexes
  2232 | D:2      | Reached skill level 1 in Summonings
  2232 | D:2      | Reached skill level 1 in Necromancy
  2232 | D:2      | Reached skill level 1 in Translocations
  2232 | D:2      | Reached skill level 1 in Transmutations
  2232 | D:2      | Reached skill level 1 in Fire Magic
  2232 | D:2      | Reached skill level 1 in Ice Magic
  2232 | D:2      | Reached skill level 1 in Air Magic
  2232 | D:2      | Reached skill level 1 in Earth Magic
  2232 | D:2      | Reached skill level 1 in Poison Magic
  2518 | D:2      | Noticed Sigmund
  3541 | D:2      | Found a runed translucent door.
  3542 | D:2      | Noticed Crazy Yiuf
  3851 | D:3      | Reached XP level 5. HP: 28/40 MP: 6/6
  4106 | D:3      | HP: 2/40 [gnoll (4)]
  5813 | D:4      | Reached XP level 6. HP: 34/47 MP: 8/8
  7407 | D:4      | Reached XP level 7. HP: 45/52 MP: 10/10
  7841 | D:5      | Entered Level 5 of the Dungeon
  8137 | D:5      | HP: 1/52 [gnoll (8)]
  8138 | D:5      | Mangled by a gnoll

Illustrated notes

Levels and vault maps discovered:
D:1:      lightli_arrival_noodles, layout_basic, basic_ecumenical_altar,
          corexii_item_surrounded_by_moat
D:2:      layout_rooms, amcnicky_mini_rare_corridor_liquid, st_stairs_12,
          grunt_decor_cap, uniq_sigmund, uniq_crazy_yiuf_cottage
D:3:      layout_rooms, minmay_pentangle
D:4:      layout_cave_pods, cheibrodos_sewer_entry_sluice, minmay_liquid_box,
          minmay_increasing_density
D:5:      layout_loops_cross, nicolae_gozag_zags_fifth_avenue, serial_shops,
          kennysheep_little_box, enter_ossuary_2
D:6:      layout_rooms, serial_shops, nicolae_shop_statue_plus, uniq_eustachio

Skill      XL: |  1  2  3  4  5  6  7 |
---------------+----------------------+-----
Armour         | | 12.2
Invocations    | 1 2 |  2.7
Short Blades   | 1 2 |  2.5
Long Blades    | 1 2 |  2.5
Maces & Flails | 1 2 |  2.5
Polearms       | 1 2 |  2.5
Staves         | 1 2 |  2.5
Slings         | 1 2 |  2.5
Bows           | 1 2 |  2.5
Crossbows      | 1 2 |  2.5
Dodging        | 1 2 |  2.5
Stealth        | 1 2 |  2.5
Shields        | 1 2 |  2.5
Unarmed Combat | 1 2 |  2.5
Spellcasting   | 1 2 |  2.5
Conjurations   | 1 2 |  2.0
Hexes          | 1 2 |  2.0
Summonings     | 1 2 |  2.0
Necromancy     | 1 2 |  2.0
Translocations | 1 2 |  2.0
Transmutations | 1 2 |  2.0
Fire Magic     | 1 2 |  2.0
Ice Magic      | 1 2 |  2.0
Air Magic      | 1 2 |  2.0
Earth Magic    | 1 2 |  2.0
Poison Magic   | 1 2 |  2.0
Fighting       | 3 |  3.6
Axes           | 3 |  3.6
Throwing       | 3 |  3.6
Evocations     | 3 |  3.6

Action                   |  1- 3 |  4- 6 |  7- 9 || total
-------------------------+-------+-------+-------++-------
Melee: Hand axe          |   121 |    39 |       ||   160
       Bite              |    10 |    30 |     2 ||    42
       Mace              |       |   191 |     3 ||   194
       War axe           |       |    58 |    32 ||    90
 Fire: Shortbow          |     1 |       |       ||     1
  Use: Scroll            |     3 |     5 |     9 ||    17
       Potion            |       |     4 |     2 ||     6
Armor: Scale mail        |    63 |   194 |    23 ||   280
Dodge: Dodged            |    44 |    94 |    26 ||   164
Block: Kite shield       |    35 |   191 |    30 ||   256
